 Dungeon Crawl Stone Soup version 0.29-a0-555-g3b24f45cc1 (webtiles) character file.

Game seed: 497847426057081792

39679 gruber the Eclecticist (level 13, -2/63 HPs)
             Began as a Deep Elf Fire Elementalist on June 7, 2022.
             Was a High Priest of Vehumet.
             Slain by a death yak (5 damage)
             ... on level 3 of the Lair of Beasts.
             The game lasted 00:29:05 (21755 turns).

gruber the Eclecticist (DEFE)                      Turns: 21755, Time: 00:29:06

Health: -2/63      AC: 13    Str:  5    XL:     13   Next: 70%
Magic:  14/35      EV: 12    Int: 26    God:    Vehumet [*****.]
Gold:   1169       SH:  5    Dex: 15    Spells: 28/44 levels left

rFire   . . .      SeeInvis .   g - +0 dagger (venom)
rCold   . . .      Faith    .   (no shield)
rNeg    . . .      Spirit   .   E - +0 swamp dragon scales
rPois   +          Reflect  +   I - +2 helmet
rElec   .          Harm     .   (no cloak)
rCorr   .          Rampage  .   j - +0 pair of gloves
Will    +....                   (no boots)
Stlth   +.........              s - amulet of reflection
HPRegen 0.20/turn               n - ring of wizardry
MPRegen 0.24/turn               T - ring of wizardry

@: no status effects
A: no striking features
a: Renounce Religion


You were on level 3 of the Lair of Beasts.
You worshipped Vehumet.
Vehumet was extremely pleased with you.
You visited 2 branches of the dungeon, and saw 16 of its levels.

You collected 1169 gold pieces.

Inventory:

Hand Weapons
 g - a +0 dagger of venom (weapon)
 y - the +0 flail "Bugaqely" {drain, rCorr}
   (You found it on level 5 of the Dungeon)

   A truly terrible weapon, it drains the life of any living foe it strikes.
   rCorr:     It protects you from acid and corrosion.
Missiles
 r - a throwing net
 A - 9 curare-tipped darts
Armour
 j - a +0 pair of gloves (worn)
 E - +0 swamp dragon scales (worn)
 I - a +2 helmet (worn)
 V - an orb of energy
Jewellery
 i - a ring of ice
 n - a ring of wizardry (left hand)
 s - an amulet of reflection (around neck)
 x - an amulet of regeneration
 J - a ring of see invisible
 O - a +6 ring of strength
 R - a +4 ring of slaying
 T - a ring of wizardry (right hand)
Wands
 h - a wand of flame (27)
 o - a wand of polymorph (28)
 z - a wand of iceblast (13)
 C - a wand of paralysis (12)
 L - a wand of digging (5)
Scrolls
 a - 3 scrolls of enchant weapon {unknown}
 c - 7 scrolls of teleportation {unknown}
 d - 27 scrolls of identify {unknown}
 f - 2 scrolls of poison {unknown}
 p - 4 scrolls of enchant armour {unknown}
 q - 4 scrolls of vulnerability {unknown}
 u - 3 scrolls of immolation {unknown}
 w - 3 scrolls of magic mapping {unknown}
 H - 2 scrolls of fear {unknown}
 M - 2 scrolls of amnesia {unknown}
 Q - 2 scrolls of fog {unknown}
 W - a scroll of silence {unknown}
Potions
 b - a potion of magic
 e - 2 potions of flight
 k - 2 potions of cancellation
 l - a potion of degeneration {unknown}
 m - 3 potions of might {unknown}
 t - 2 potions of brilliance
 v - 3 potions of invisibility {unknown}
 B - a potion of resistance
 D - 3 potions of ambrosia
 F - 4 potions of curing {unknown}
 G - 2 potions of lignification {unknown}
 K - a potion of berserk rage {unknown}
 N - a potion of attraction {unknown}
 P - 3 potions of mutation {unknown}
 S - a potion of haste {unknown}
 U - 4 potions of heal wounds {unknown}


   Skills:
 - Level 5.0 Armour
 - Level 10.4 Dodging
 - Level 2.4 Stealth
 * Level 16.1 Spellcasting
 - Level 14.0 Conjurations
 - Level 14.0 Fire Magic


You had 28 spell levels left.
You knew the following spells:

 Your Spells              Type           Power      Damage    Failure   Level
a - Foxfire               Conj/Fire      100%       2x1d9     1%          1
b - Scorch                Fire           100%       2d10      1%          2
c - Flame Wave            Conj/Fire      76%        2d14      1%          4
d - Fireball              Conj/Fire      38%        3d16      1%          5
e - Sticky Flame          Conj/Fire      76%        2d9       1%          4

Your spell library contained the following spells:

 Spells                   Type           Power      Damage    Failure   Level
 Eringya's Noxious Bog    Tmut/Pois      10%        N/A       75%         6
 Magic Dart               Conj           100%       1d8       1%          1
 Conjure Flame            Conj/Fire      76%        6-21      1%          3
 Ignite Poison            Fire/Tmut/Pois 45%        N/A       1%          3
 Inner Flame              Hex/Fire       55%        N/A       1%          3
 Mephitic Cloud           Conj/Pois/Air  45%        N/A       1%          3
 Hailstorm                Conj/Ice       55%        3d12      1%          4
 Iskenderun's Battlesphe  Conj           76%        2d12      1%          5
 Slow                     Hex            80%        N/A       2%          1
 Orb of Destruction       Conj           38%        9d11      3%          7
 Call Imp                 Summ           20%        N/A       4%          2
 Ensorcelled Hibernation  Hex/Ice        40%        N/A       4%          2
 Confusing Touch          Hex            20%        N/A       9%          3
 Gell's Gravitas          Tloc           20%        N/A       9%          3
 Ozocubu's Armour         Ice            20%        N/A       9%          3
 Spider Form              Tmut/Pois      20%        N/A       9%          3
 Teleport Other           Tloc           20%        N/A       9%          3
 Vampiric Draining        Necr           20%        2d7       9%          3
 Conjure Ball Lightning   Conj/Air       27%        3x3d8     10%         6
 Anguish                  Hex/Necr       10%        N/A       24%         4
 Ice Form                 Ice/Tmut       20%        N/A       24%         4
 Metabolic Englaciation   Hex/Ice        10%        N/A       54%         5
 Dispersal                Tloc           10%        N/A       97%         6
 Simulacrum               Ice/Necr       10%        N/A       97%         6


Dungeon Overview and Level Annotations

Branches:
Dungeon (12/15)            Temple (0/1) D:7            Lair (4/6) D:8
 Spider (0/4) Lair:3          Orc (0/2) D:9
  Swamp: Lair:2-4    Shoals: Lair:2-4

Altars:
Elyvilon
Fedhas
Gozag
Kikubaaqudgha
Nemelex Xobeh
Sif Muna
Trog
Vehumet
Xom

Shops:
D:3 [   D:6 [   D:9 :

Annotations:
D:12 1 runed translucent door, robertstho's ghost, journeyman DjFE
Lair:1 2 transporters, Ocesy's ghost, journeyman DjFE


Message History

Unknown command.
Unknown command.
Casting: Fireball (safe; 1% risk of failure)
Confirm with . or Enter, or press ? or * to list all spells.
Aiming: Fireball (safe; 1% risk of failure)
Press: ? - help, Shift-Dir - straight line The fireball explodes!
The fireball engulfs the death yak!!
The death yak is almost dead.
The fireball engulfs the death yak!!
The death yak is heavily wounded.
The fireball engulfs the death yak!!
The death yak is almost dead.
The death yak gores you!! The water moccasin misses you.
Unknown command.
Unknown command.
The water moccasin misses you. The death yak gores you.
The black bear closely misses you.
The black bear claws you but does no damage.
The black bear closely misses you.
You climb upwards.
There is a stone staircase leading down here.
Unknown command.
Unknown command.
The black bear attacks as you move away!
The black bear bites you but does no damage.
The black bear barely misses you. x2; You block the water moccasin's attack.
The death yak gores you!
The black bear attacks as you move away!
The black bear bites you but does no damage.
You block the black bear's attack.
The black bear claws you but does no damage.
The death yak gores you. The death yak attacks as you move away!
The death yak barely misses you. The death yak attacks as you move away!
The death yak gores you!!
* * * LOW HITPOINT WARNING * * *
The water moccasin bites the fungus.
The fungus begins to die.
The death yak attacks as you move away! The death yak gores you.
* * * LOW HITPOINT WARNING * * *
The death yak attacks as you move away! The death yak gores you.
You die...

P..## ###..# #..#
#....##### #..##
######'#P.##.P#
....###.##......h...#
.....##..+..........##
....#....#..........P#
....#...#......SY....#
....#..####..###Y#####
.......# #### #@.P#
....#### #..## P#.##
##.## #### ### #..#
.##### #.####.##
.....# ####..#.'####
...[.#####..........P#
.....'...#.<........##
......#P..+}........##


You could see 2 death yaks, a water moccasin and a black bear.

Vanquished Creatures
  A hydra (D:12)
  A boulder beetle (Lair:1)
  5 two-headed ogres
  5 death yaks
  Nergalle (Lair:2)
  Sonja (Lair:3)
  An orb spider (Lair:3)
  Pikel (D:7)
  An orc knight (D:11)
  A wolf spider (Lair:4)
  A manticore (D:11)
  2 black mambas (Lair:3)
  Joseph (D:8)
  6 cane toads
  2 gargoyles
  2 unseen horrors
  A rime drake (Lair:3)
  Maggie (D:7)
  5 kobold demonologists
  8 komodo dragons
  A polar bear (Lair:1)
  3 trolls
  A hornet (D:9)
  5 slime creatures (D:12)
  5 blink frogs (Lair:2)
  Prince Ribbit (D:8)
  Sigmund (D:2)
  3 wraiths
  A vampire (D:8)
  6 wyverns
  A basilisk (Lair:1)
  28 yaks
  6 humans (D:8)
  3 steam dragons
  11 vampire mosquitoes
  Menkaure (D:7)
  9 wargs (D:11)
  3 acid dragons
  6 water moccasins
  2 hell hounds (D:11)
  5 orc warriors
  A sky beast (D:7)
  4 black bears
  7 ogres
  4 centaurs
  25 wolves
  A phantom (D:4)
  2 lemures (D:7)
  4 kobold brigands
  7 bullfrogs
  A necrophage (D:4)
  9 gnoll sergeants
  2 scorpions
  8 wights
  15 killer bees
  2 electric eels (D:7)
  4 howler monkeys
  9 gnoll shamans
  4 hounds
  4 jellies
  8 orc priests
  An iguana (D:6)
  Terence (D:2)
  Natasha (thrice) (D:3)
  5 orc wizards
  15 gnolls
  A river rat (D:6)
  8 adders
  A shadow imp (D:4)
  3 white imps
  An ufetubus (D:5)
  3 worms
  3 dart slugs
  11 orcs
  17 bats
  9 endoplasms
  6 giant cockroaches
  9 goblins
  6 hobgoblins
  23 kobolds
  7 quokkas
  7 ball pythons
  3 frilled lizards
  11 rats
424 creatures vanquished.

Vanquished Creatures (collateral kills)
  7 foxfires
7 creatures vanquished.

Vanquished Creatures (others)
  1621 foxfires
  59 fungi
  45 plants
1725 creatures vanquished.

Grand Total: 2156 creatures vanquished

Notes
Turn   | Place    | Note
-------+----------+-------------------------------------------
     0 | D:1      | gruber the Deep Elf Fire Elementalist began the quest for
                  | the Orb.
     0 | D:1      | Reached XP level 1. HP: 10/10 MP: 6/6
   301 | D:1      | Reached XP level 2. HP: 15/15 MP: 1/8
   560 | D:1      | Learned a level 2 spell: Scorch
  1108 | D:1      | Reached XP level 3. HP: 19/19 MP: 7/9
  1772 | D:2      | Reached skill level 5 in Fire Magic
  1814 | D:2      | Found a radiant altar of Vehumet.
  1827 | D:2      | Became a worshipper of Vehumet
  1850 | D:2      | Noticed Sigmund
  1995 | D:3      | Found Lanawed's Armour Emporium.
  2227 | D:3      | Reached XP level 4. HP: 24/24 MP: 4/10
  2321 | D:3      | Noticed Natasha
  2326 | D:3      | Killed Natasha
  2643 | D:3      | Reached XP level 5. HP: 28/28 MP: 6/12
  2981 | D:3      | Reached skill level 4 in Spellcasting
  3048 | D:3      | Reached * piety under Vehumet
  3048 | D:3      | Offered knowledge of Magic Dart by Vehumet.
  3136 | D:3      | Noticed Natasha
  3143 | D:3      | Killed Natasha
  3347 | D:3      | Noticed Natasha
  3355 | D:3      | Killed Natasha
  3555 | D:2      | Noticed Terence
  3573 | D:2      | Killed Terence
  3716 | D:2      | Killed Sigmund
  3717 | D:2      | Reached XP level 6. HP: 32/32 MP: 9/14
  3954 | D:2      | Found a faded altar of an unknown god.
  4306 | D:4      | Reached skill level 5 in Conjurations
  4311 | D:4      | Reached skill level 5 in Spellcasting
  4432 | D:4      | Reached XP level 7. HP: 36/36 MP: 10/17
  4450 | D:4      | Reached skill level 6 in Spellcasting
  4746 | D:4      | Reached skill level 7 in Spellcasting
  5046 | D:4      | Offered knowledge of Sandblast by Vehumet.
  5053 | D:4      | Reached skill level 8 in Spellcasting
  5099 | D:4      | Learned a level 4 spell: Flame Wave
  5105 | D:4      | Learned a level 5 spell: Fireball
  5193 | D:4      | Reached ** piety under Vehumet
  5324 | D:5      | Entered Level 5 of the Dungeon
  5668 | D:5      | Reached XP level 8. HP: 41/41 MP: 15/22
  6038 | D:5      | Identified the +0 flail "Bugaqely" {drain, rCorr}
  6716 | D:6      | Found Dofuapeb's Antique Armour Shoppe.
  6980 | D:6      | Offered knowledge of Poisonous Vapours by Vehumet.
  6985 | D:6      | Reached skill level 10 in Fire Magic
  7100 | D:6      | Reached XP level 9. HP: 45/45 MP: 18/23
  7530 | D:7      | Found a shimmering blue altar of Sif Muna.
  7655 | D:7      | Found a sparkling altar of Nemelex Xobeh.
  7656 | D:7      | Found an ancient bone altar of Kikubaaqudgha.
  7722 | D:7      | Noticed Maggie
  7729 | D:7      | Killed Maggie
  7730 | D:7      | Noticed Menkaure
  7852 | D:7      | Killed Menkaure
  8026 | D:7      | Found a staircase to the Ecumenical Temple.
  8054 | D:7      | Reached *** piety under Vehumet
  8055 | D:7      | Reached skill level 1 in Armour
  8550 | D:7      | Noticed Pikel
  8555 | D:7      | Killed Pikel
  9165 | D:8      | Found an opulent altar of Gozag.
  9222 | D:8      | Reached XP level 10. HP: 50/50 MP: 20/24
  9317 | D:8      | Reached skill level 5 in Armour
  9353 | D:8      | Found a staircase to the Lair.
  9404 | D:8      | Noticed Joseph
  9434 | D:8      | Killed Joseph
  9435 | D:8      | Reached skill level 5 in Dodging
  9743 | D:8      | Noticed Prince Ribbit
  9744 | D:8      | Offered knowledge of Stone Arrow by Vehumet.
  9756 | D:8      | Killed Prince Ribbit
  9868 | D:8      | Identified the +2 scale mail of Ykhikuy {Rampage rF- Int+2}
 10011 | D:8      | Identified the +1 leather armour "Bahu" {rC+ rN++ Str+2}
 10587 | D:9      | Found a staircase to the Orcish Mines.
 10596 | D:9      | Reached skill level 10 in Dodging
 10798 | D:9      | Reached **** piety under Vehumet
 10799 | D:9      | Reached skill level 9 in Spellcasting
 10799 | D:9      | Reached XP level 11. HP: 48/54 MP: 5/26
 10964 | D:9      | Reached skill level 10 in Spellcasting
 11149 | D:9      | Offered knowledge of Olgreb's Toxic Radiance by Vehumet.
 11431 | D:9      | Found a white marble altar of Elyvilon.
 11445 | D:9      | Found a blossoming altar of Fedhas.
 11843 | D:9      | Found Xiucsae's Book Boutique.
 12044 | D:10     | Entered Level 10 of the Dungeon
 12137 | D:10     | Noticed a two-headed ogre
 12143 | D:10     | Killed a two-headed ogre
 13722 | D:11     | Noticed a two-headed ogre
 13877 | D:11     | Noticed a two-headed ogre
 14101 | D:11     | Noticed a two-headed ogre
 14110 | D:11     | Killed a two-headed ogre
 14111 | D:11     | Reached XP level 12. HP: 59/59 MP: 18/28
 14373 | D:11     | Identified the +4 rapier of Undoing {vorpal, *Corrode rN+
                  | Str+2}
 14430 | D:11     | Killed a two-headed ogre
 14435 | D:11     | Reached skill level 10 in Conjurations
 14477 | D:11     | HP: 2/59 [warg (1)]
 14882 | D:11     | Reached ***** piety under Vehumet
 14887 | D:11     | Offered knowledge of Eringya's Noxious Bog by Vehumet.
 15146 | D:11     | Noticed a two-headed ogre
 15149 | D:11     | Killed a two-headed ogre
 15158 | D:11     | Killed a two-headed ogre
 16653 | D:12     | Found a runed translucent door.
 16653 | D:12     | Found a shimmering altar of Xom.
 16653 | D:12     | Noticed robertstho's ghost (journeyman DjFE)
 16698 | D:12     | Noticed an eight-headed hydra
 16703 | D:12     | Killed an eight-headed hydra
 17112 | D:12     | Learned a level 4 spell: Sticky Flame
 17576 | D:12     | Identified the +2 great mace "Impslayer" {chaos, Str+6}
 17717 | Lair:1   | Entered Level 1 of the Lair of Beasts
 17881 | Lair:1   | Reached skill level 11 in Spellcasting
 17881 | Lair:1   | Reached XP level 13. HP: 63/63 MP: 21/30
 17896 | Lair:1   | Reached skill level 12 in Spellcasting
 18250 | Lair:1   | Found a bloodstained altar of Trog.
 18250 | Lair:1   | Noticed Ocesy's ghost (journeyman DjFE)
 18251 | Lair:1   | Found a transporter.
 18256 | Lair:1   | Found a transporter.
 19293 | Lair:2   | Noticed Nergalle
 19312 | Lair:2   | Reached skill level 13 in Spellcasting
 20145 | Lair:2   | Killed Nergalle
 20146 | Lair:2   | Reached skill level 14 in Spellcasting
 20748 | Lair:3   | Reached skill level 15 in Spellcasting
 20956 | Lair:3   | Found a hole to the Spider Nest.
 21318 | Lair:3   | Noticed Sonja
 21319 | Lair:3   | Killed Sonja
 21734 | Lair:4   | Reached skill level 16 in Spellcasting
 21753 | Lair:3   | HP: 2/63 [death yak (5)]
 21755 | Lair:3   | Slain by a death yak

Illustrated notes

Levels and vault maps discovered:
D:1:      lightli_arrival_statuegarden, layout_basic
D:2:      layout_basic, hellmonk_ecumenical_altar_heavens_door, basic_altar,
          uniq_sigmund, uniq_terence
D:3:      layout_basic, serial_shops, shop, uniq_natasha
D:4:      layout_basic, minmay_misc_feat_iff,
          nicolae_concentric_dashed_squares_mild
D:5:      layout_basic, minivault_19
D:6:      layout_cave_pools, gup_sewer_entry_bowl, serial_shops,
          nicolae_shop_competitors_out_of_business
D:7:      layout_basic, general_overflow_altar, nicolae_overflow_squiral,
          minmay_temple_entry_gardened_gates, kennysheep_small_spiral,
          roderic_batcave, uniq_maggie, uniq_pikel, uniq_menkaure
D:8:      layout_gridville, nicolae_gozag_seed_capital,
          due_lair_maze_entry_diamond, minmay_ruffians, uniq_joseph,
          uniq_prince_ribbit1
D:9:      layout_loops_ring, mainiacjoe_overflow_big_doors, orc_0_dummy,
          serial_shops, nicolae_shop_trees, grunt_decor_cap
D:10:     layout_irregular_city
D:11:     lemuel_castle_with_subvaults [lemuel_castle_interior_carwin_3],
          layout_irregular_city, serial_column_ruins, column_ruins_pillar_6,
          column_ruins_pillar_3, column_ruins_pillar_9, column_ruins_pillar_4,
          column_ruins_pillar_7, column_ruins_pillar_2, column_ruins_pillar_9,
          column_ruins_pillar_2, column_ruins_pillar_6, column_ruins_pillar_5,
          column_ruins_pillar_1, column_ruins_pillar_7, column_ruins_pillar_2,
          column_ruins_pillar_2, column_ruins_pillar_2, column_ruins_pillar_1,
          column_ruins_pillar_1
D:12:     layout_basic, ebering_ghost_xom, kennysheep_generic_room_4
Lair:1:   layout_hall_layers, gammafunk_ghost_wrathful_warriors,
          grunt_forest_large_clearings
Lair:2:   layout_concentric_octagons, uniq_nergalle
Lair:3:   layout_roguey, nicolae_spider_entry_orb_guardian, uniq_sonja
Lair:4:   layout_small_grid, minmay_swamp_entry_worms,
          nicolae_lair_run_with_the_wolves

Skill      XL: |  1  2  3  4  5  6  7  8  9 10 11 12 13 |
---------------+----------------------------------------+-----
Fire Magic     | 4 5 6 10 11 14 | 14.0
Spellcasting   | 4 5 8 9 10 11 16 | 16.1
Conjurations   | 4 5 7 9 14 | 14.0
Armour         | 4 5 |  5.0
Dodging        | 10 | 10.4
Stealth        | |  2.4

Action                   |  1- 3 |  4- 6 |  7- 9 | 10-12 | 13-15 || total
-------------------------+-------+-------+-------+-------+-------++-------
Melee: Unarmed           |     1 |       |       |       |       ||     1
       Dagger            |       |       |     5 |     3 |     3 ||    11
       Flail             |       |       |     2 |     2 |       ||     4
 Cast: Foxfire           |   134 |   107 |   193 |   384 |    99 ||   917
       Scorch            |     2 |     8 |    41 |    90 |    18 ||   159
       Fireball          |       |       |    11 |    37 |    37 ||    85
       Flame Wave        |       |       |     4 |    62 |    12 ||    78
       Sticky Flame      |       |       |       |       |     5 ||     5
Evoke: Wand              |       |       |       |    14 |       ||    14
  Use: Potion            |       |       |       |     4 |       ||     4
 Stab: Sleeping          |       |       |     1 |       |       ||     1
Armor: Robe              |     2 |     1 |       |       |       ||     3
       Swamp dragon scal |       |       |     3 |    61 |    19 ||    83
Dodge: Dodged            |    19 |     4 |    16 |   103 |    41 ||   183
Block: Other             |       |       |     6 |    45 |    20 ||    71
       Reflection        |       |       |     1 |     2 |       ||     3

Table legend: (Time is in decaauts)
 A = Elapsed time spent in this place.
 B = Non-inter-level travel time spent in this place.
 C = Inter-level travel time spent in this place.
 D = Time resting spent in this place.
 E = Time spent auto-exploring this place.
 F = Levels seen in this place.
 G = Mean time per level.
                   A        B        C        D        E       F      G
               +--------+--------+--------+--------+--------+-----+--------+
         Total |  21794 |  21073 |    721 |    665 |  17830 |  16 | 1362.1 |
       Dungeon |  17755 |  17179 |    576 |    575 |  14383 |  12 | 1479.6 |
          Lair |   4038 |   3893 |    145 |     90 |   3447 |   4 | 1009.5 |
               +--------+--------+--------+--------+--------+-----+--------+

Top non-repeatable levels by time:
    D:11: 2552 daAuts
     D:8: 2033 daAuts
    D:12: 1863 daAuts
     D:1: 1643 daAuts
     D:3: 1635 daAuts
  Lair:2: 1546 daAuts
     D:7: 1413 daAuts
     D:5: 1369 daAuts
  Lair:3: 1267 daAuts
    D:10: 1232 daAuts
  Lair:1: 1199 daAuts
     D:9: 1143 daAuts
     D:2: 1022 daAuts
     D:4: 1021 daAuts
     D:6: 824 daAuts
